Punishers vs Condors

Created - April 16, 2023 at 09:33

Goals
1 2 3 OT1 SO T
Punishers 0 1 1 0 0 2
Condors 0 0 2 0 2 3
Shots
1 2 3 OT1 SO T
Punishers 8 18 13 1 2 40
Condors 7 7 15 0 2 29

1st period

No Goal

Penalties :
No Penalty

2nd period

1. Punishers , Oskar Lindblom 21 (Austen Brassard 16, Noah Juulsen 22) at 7:58

Penalties :
Anton Slepyshev (Bak) for Hooking (Minor) at 2:35, Patrik Laine (Bak) for Slashing (Minor) at 13:25

3rd period

2. Condors , Robby Fabbri 33 (Jake Virtanen 28, Philippe Myers 13) at 2:37
3. Punishers , Anton Blidh 10 (Connor Clifton 6, John Quenneville 22) at 13:06
4. Condors , Tyler Bozak 12 (Gustav Olofsson 4) at 19:00

Penalties :
Phillip Danault (Pro) for Hooking (Minor) at 15:45

Overtime #1

No Goal

Penalties :
No Penalty

Shootout

Punishers, Radek Faksa - Shot Misses the Net
Condors, Tyler Bozak - Goal!
Punishers, Corey Tropp - Shot Misses the Net
Condors, Jake Virtanen - Goal!

Penalties :
No Penalty

Goalie Stats

Daniel Altshuller (Pro), 27 saves from 29 shots - (0.931), OTL, 6-8-4, 65:00 minutes
Carter Hart (Bak), 38 saves from 40 shots - (0.950), W, 20-13-6, 65:00 minutes

Players Stats for Punishers

Player Name              G  A  P  +/- PIM S  H  SB GA TA FO     MP     PP MP  PK MP  
------------------------------------------------------------------------------------
Alexander Nylander       0  0  0   0  0   0  0  0  0  0  0/0     0:00   0:00   0:00 
Anton Blidh              1  0  1   1  0   3  0  1  1  0  0/1    17:51   1:42   0:46 
Artem Zub                0  0  0  -2  0   1  2  3  0  1  0/0    29:16   2:36   1:06 
Austen Brassard          0  1  1   1  0   0  1  0  0  0  0/0    12:38   0:00   0:00 
Beck Malenstyn           0  0  0   0  0   0  0  0  0  0  0/0     0:00   0:00   0:00 
Ben Betker               0  0  0  -2  0   1  0  3  0  2  0/0    26:24   2:36   1:06 
Ben Meyers               0  0  0   0  0   0  0  0  0  0  0/0     0:00   0:00   0:00 
Brayden Pachal           0  0  0   0  0   0  0  0  0  0  0/0     2:53   0:00   0:00 
Carson Meyer             0  0  0   0  0   1  1  0  0  1  0/0     8:53   0:00   0:00 
Carter Ashton            0  0  0   1  0   2  2  0  0  2  0/0    18:39   1:42   0:15 
Connor Clifton           0  1  1   1  0   2  0  1  0  0  0/0    13:39   0:00   0:00 
Corey Tropp              0  0  0  -2  0   7  2  0  2  0  3/4    22:38   2:16   0:58 
Daniel Audette           0  0  0   0  0   2  0  0  0  0  1/3     9:04   0:00   0:11 
Fredrik Claesson         0  0  0   1  0   2  2  0  0  1  0/0    22:05   1:22   0:53 
John Hayden              0  0  0   0  0   0  1  0  0  0  0/0     1:30   0:00   0:00 
John Quenneville         0  1  1   1  0   1  2  0  0  0  4/11   18:39   1:42   0:15 
Kevin Roy                0  0  0   1  0   1  2  0  2  0  3/5    12:24   0:00   0:00 
Kole Lind                0  0  0   0  0   0  0  0  0  0  0/1     1:12   0:00   0:00 
Nicolas Roy              0  0  0   0  0   0  0  0  0  0  0/0     1:09   0:00   0:35 
Niko Mikkola             0  0  0   1  0   0  1  0  0  0  0/0    13:38   0:00   0:00 
Noah Juulsen             0  1  1   1  0   2  0  0  1  1  0/0    22:05   1:22   0:53 
Oskar Lindblom           1  0  1   1  0   3  1  0  1  0  0/0    12:24   0:00   0:00 
Phillip Danault          0  0  0  -2  2   2  1  0  0  1  2/3    19:28   2:16   0:00 
Radek Faksa              0  0  0  -2  0   8  2  0  1  0  14/32  22:38   2:16   0:58 
Tanner Jeannot           0  0  0   0  0   2  3  0  0  0  0/0     8:53   0:00   0:00 

Players Stats for Condors

Player Name              G  A  P  +/- PIM S  H  SB GA TA FO     MP     PP MP  PK MP  
------------------------------------------------------------------------------------
Adam Erne                0  0  0  -1  0   1  0  0  1  0  1/1    10:09   0:00   1:07 
Alexandre Carrier        0  0  0   0  0   1  1  0  0  2  0/0    22:05   1:06   1:40 
Anton Slepyshev          0  0  0  -1  2   2  3  1  1  0  0/0    15:05   0:00   1:06 
Clayton Keller           0  0  0  -1  0   0  0  0  0  0  0/0     8:33   0:00   0:00 
Emil Djuse               0  0  0   0  0   0  0  0  0  0  0/0    19:27   1:06   0:00 
Gustav Olofsson          0  1  1   1  0   0  0  0  0  1  0/0    26:06   0:53   2:18 
Jack Dougherty           0  0  0   0  0   2  1  3  0  1  0/0    26:42   0:53   2:18 
Jake Virtanen            0  1  1   0  0   2  3  0  0  2  1/2    21:59   0:56   0:30 
Jesse Puljujarvi         0  0  0   0  0   5  2  1  1  0  1/2    17:22   1:03   0:00 
Jordan Subban            0  0  0   0  0   0  0  2  0  1  0/0    17:33   0:00   0:00 
Kailer Yamamoto          0  0  0   1  0   1  0  0  0  1  1/1    13:03   0:00   0:00 
Mark Jankowski           0  0  0   0  0   1  1  1  1  0  6/10   17:41   1:03   0:40 
Michael Rasmussen        0  0  0  -1  0   0  2  0  0  0  1/3    10:25   0:00   1:10 
Patrik Laine             0  0  0   0  2   6  0  0  3  0  0/0    17:30   0:56   0:50 
Phil McRae               0  0  0   0  0   1  0  0  1  0  3/7    11:36   0:00   0:00 
Philippe Myers           0  1  1   0  0   0  1  0  1  0  0/0    17:31   0:00   1:40 
Robby Fabbri             1  0  1   1  0   2  3  0  0  0  0/0    19:41   1:03   0:25 
Tyler Bozak              1  0  1   1  0   5  1  1  0  0  19/34  23:32   0:56   2:08 

3 Stars

1 - Carter Hart (Bak)
2 - Robby Fabbri (Bak)
3 - Tyler Bozak (Bak)

Power Play

Punishers - 0 on 2 Attempt(s) - 0.00%
Condors - 0 on 1 Attempt(s) - 0.00%

Penalty Kill

Punishers - 1 on 1 Attempt(s) - 100.00% - Score 0 goal in Penalty Kill
Condors - 2 on 2 Attempt(s) - 100.00% - Score 0 goal in Penalty Kill

Team Stat

Punishers - Hits : 23 - Faceoff Wins : 27 - Blocked Shots : 8 - Penalty Minutes : 2
Condors - Hits : 18 - Faceoff Wins : 33 - Blocked Shots : 9 - Penalty Minutes : 4

Official

Referees : Justin St. Pierre and Tom Chmielewski
Linesman : David Brisebois and Shandor Alphonso

Game Notes

Philippe Myers is injured at 2:42 of 3rd period (Torn Left Knee Ligaments)

Finance

Level 1 -- Attendance: 1999 (99.95%) -- Ticket Income $69,965
Level 2 -- Attendance: 982 (98.20%) -- Ticket Income $14,730
Total Attendance: 2981 (99.37%)
Total Ticket Income: $84,695
Other Income: $4,235
Total Income: $88,930

Punishers

5 vs 5 Forward 
   Center                   Left Wing                Right Wing               Time % Phy DF OF 
 1 Radek Faksa              Phillip Danault          Corey Tropp              40     1   2  2  
 2 John Quenneville         Anton Blidh              Carter Ashton            30     1   2  2  
 3 Kevin Roy                Oskar Lindblom           Austen Brassard          20     1   2  2  
 4 Daniel Audette           Tanner Jeannot           Carson Meyer             10     1   2  2  

5 vs 5 Defense 
   Defense                  Defense                                           Time % Phy DF OF 
 1 Artem Zub                Ben Betker                                        40     1   2  2  
 2 Noah Juulsen             Fredrik Claesson                                  30     1   2  2  
 3 Connor Clifton           Niko Mikkola                                      20     1   2  2  
 4 Brayden Pachal           Artem Zub                                         10     1   2  2  

PowerPlay Forward 
   Center                   Left Wing                Right Wing               Time % Phy DF OF 
 1 Radek Faksa              Phillip Danault          Corey Tropp              60     1   2  2  
 2 John Quenneville         Anton Blidh              Carter Ashton            40     1   2  2  

PowerPlay Defense
   Defense                  Defense                                           Time % Phy DF OF 
 1 Artem Zub                Ben Betker                                        60     1   2  2  
 2 Noah Juulsen             Fredrik Claesson                                  40     1   2  2  

Penalty Kill 4 Players Forward 
   Center                   Wing                     Time % Phy DF OF 
 1 Radek Faksa              Corey Tropp              60     1   2  2  
 2 John Quenneville         Carter Ashton            40     1   2  2  

Penalty Kill 4 Players Defense
   Defense                  Defense                  Time % Phy DF OF 
 1 Artem Zub                Ben Betker               60     1   2  2  
 2 Noah Juulsen             Fredrik Claesson         40     1   2  2  

Penalty Kill - 3 Players Forward 
   Forward                                           Time % Phy DF OF 
 1 Radek Faksa                                       60     1   2  2  
 2 Corey Tropp                                       40     1   2  2  

Penalty Kill - 3 Players Defense
   Defense                  Defense                  Time % Phy DF OF 
 1 Artem Zub                Ben Betker               60     1   2  2  
 2 Noah Juulsen             Fredrik Claesson         40     1   2  2  

4 vs 4 Forward 
   Center                   Wing                     Time % Phy DF OF 
 1 Radek Faksa              Corey Tropp              60     1   2  2  
 2 John Quenneville         Carter Ashton            40     1   2  2  

4 vs 4 Defense
   Defense                  Defense                  Time % Phy DF OF 
 1 Artem Zub                Ben Betker               60     1   2  2  
 2 Noah Juulsen             Fredrik Claesson         40     1   2  2  

Last Minutes Offensive
   Center                   Left Wing                Right Wing               Defense                  Defense                  
   Radek Faksa              Phillip Danault          Corey Tropp              Artem Zub                Ben Betker               

Last Minutes Defensive
   Center                   Left Wing                Right Wing               Defense                  Defense                  
   Radek Faksa              Phillip Danault          Corey Tropp              Artem Zub                Ben Betker               

Goaltenders
Starting : Daniel Altshuller        
Backup : Louis Domingue           

Extra Forwards
Normal : John Hayden, Kole Lind, Nicolas Roy - PP : John Hayden, Kole Lind - PK : Nicolas Roy
Extra Defensemen
Normal : Connor Clifton, Niko Mikkola, Brayden Pachal - PP : Connor Clifton - PK : Niko Mikkola, Brayden Pachal
Penalty Shots
Radek Faksa, Corey Tropp, John Quenneville, Carter Ashton, Phillip Danault

Scratches
Petr Kvaca (Healthy)

Condors

5 vs 5 Forward 
   Center                   Left Wing                Right Wing               Time % Phy DF OF 
 1 Tyler Bozak              Robby Fabbri             Jake Virtanen            40     1   2  2  
 2 Mark Jankowski           Patrik Laine             Jesse Puljujarvi         30     1   2  2  
 3 Phil McRae               Anton Slepyshev          Kailer Yamamoto          20     1   2  2  
 4 Michael Rasmussen        Adam Erne                Clayton Keller           10     1   2  2  

5 vs 5 Defense 
   Defense                  Defense                                           Time % Phy DF OF 
 1 Gustav Olofsson          Philippe Myers                                    40     1   2  2  
 2 Alexandre Carrier        Jack Dougherty                                    30     1   2  2  
 3 Emil Djuse               Jordan Subban                                     20     1   2  2  
 4 Jordan Subban            Philippe Myers                                    10     1   2  2  

PowerPlay Forward 
   Center                   Left Wing                Right Wing               Time % Phy DF OF 
 1 Mark Jankowski           Robby Fabbri             Jesse Puljujarvi         60     1   2  2  
 2 Tyler Bozak              Patrik Laine             Jake Virtanen            40     1   2  2  

PowerPlay Defense
   Defense                  Defense                                           Time % Phy DF OF 
 1 Gustav Olofsson          Jack Dougherty                                    60     1   2  2  
 2 Alexandre Carrier        Philippe Myers                                    40     1   2  2  

Penalty Kill 4 Players Forward 
   Center                   Wing                     Time % Phy DF OF 
 1 Tyler Bozak              Anton Slepyshev          60     1   2  2  
 2 Mark Jankowski           Jake Virtanen            40     1   2  2  

Penalty Kill 4 Players Defense
   Defense                  Defense                  Time % Phy DF OF 
 1 Gustav Olofsson          Jack Dougherty           60     1   2  2  
 2 Alexandre Carrier        Philippe Myers           40     1   2  2  

Penalty Kill - 3 Players Forward 
   Forward                                           Time % Phy DF OF 
 1 Mark Jankowski                                    60     1   2  2  
 2 Jake Virtanen                                     40     1   2  2  

Penalty Kill - 3 Players Defense
   Defense                  Defense                  Time % Phy DF OF 
 1 Gustav Olofsson          Jack Dougherty           60     1   2  2  
 2 Alexandre Carrier        Philippe Myers           40     1   2  2  

4 vs 4 Forward 
   Center                   Wing                     Time % Phy DF OF 
 1 Tyler Bozak              Jake Virtanen            60     1   2  2  
 2 Mark Jankowski           Anton Slepyshev          40     1   2  2  

4 vs 4 Defense
   Defense                  Defense                  Time % Phy DF OF 
 1 Gustav Olofsson          Jack Dougherty           60     1   2  2  
 2 Alexandre Carrier        Philippe Myers           40     1   2  2  

Last Minutes Offensive
   Center                   Left Wing                Right Wing               Defense                  Defense                  
   Tyler Bozak              Robby Fabbri             Jake Virtanen            Jack Dougherty           Alexandre Carrier        

Last Minutes Defensive
   Center                   Left Wing                Right Wing               Defense                  Defense                  
   Mark Jankowski           Robby Fabbri             Jake Virtanen            Jack Dougherty           Alexandre Carrier        

Goaltenders
Starting : Carter Hart              
Backup : Mikko Koskinen           

Extra Forwards
Normal : Jesse Puljujarvi, Kailer Yamamoto, Patrik Laine - PP : Jesse Puljujarvi, Kailer Yamamoto - PK : Patrik Laine
Extra Defensemen
Normal : Jack Dougherty, Gustav Olofsson, Emil Djuse - PP : Jack Dougherty - PK : Gustav Olofsson, Emil Djuse
Penalty Shots
Tyler Bozak, Jake Virtanen, Robby Fabbri, Mark Jankowski, Phil McRae

Scratches
Brett Lernout (Left Eye Injury), Christian Thomas (Healthy), Cole Cassels (Healthy), Colin White (Healthy), Connor Hurley (Healthy)
Jeremy Gregoire (Healthy), Robin Salo (Healthy), Remi Elie (Healthy), Taro Hirose (Healthy), Kiefer Sherwood (Healthy)
Nikolai Knyzhov (Healthy), Lucas Johansen (Healthy), C.J. Smith (Healthy), Jack Campbell (Healthy), Arvid Soderblom (Healthy)

% Time on Ice - Punishers

Lines # - Real PCT - Wanted PCT - Time Play
Normal Forward
1 - 32% - 40% - 17:11
2 - 28% - 30% - 15:19
3 - 23% - 20% - 12:24
4 - 17% - 10% - 8:53
Normal Defense
1 - 37% - 40% - 19:48
2 - 34% - 30% - 18:15
3 - 24% - 20% - 12:51
4 - 5% - 10% - 2:53
PP Forward
1 - 57% - 60% - 2:16
2 - 43% - 40% - 1:42
PP Defense
1 - 66% - 60% - 2:36
2 - 34% - 40% - 1:22
PK Forward
1 - 87% - 60% - 1:44
2 - 13% - 40% - 0:15
PK Defense
1 - 55% - 60% - 1:06
2 - 45% - 40% - 0:53
PK3 Forward
1 - 0% - 60%
2 - 0% - 40%
PK3 Defense
1 - 0% - 60%
2 - 0% - 40%
44 Forward
1 - 72% - 60% - 3:37
2 - 28% - 40% - 1:23
44 Defense
1 - 68% - 60% - 3:25
2 - 32% - 40% - 1:35
Last Minute Offensive  - 0:00
Last Minute Defensive  - 0:16
Total
Forward - 65:00
Defense - 65:00

% Time on Ice - Condors

Lines # - Real PCT - Wanted PCT - Time Play
Normal Forward
1 - 35% - 40% - 18:46
2 - 28% - 30% - 14:53
3 - 22% - 20% - 11:36
4 - 16% - 10% - 8:33
Normal Defense
1 - 38% - 40% - 20:37
2 - 29% - 30% - 15:38
3 - 18% - 20% - 9:57
4 - 14% - 10% - 7:36
PP Forward
1 - 53% - 60% - 1:03
2 - 47% - 40% - 0:56
PP Defense
1 - 45% - 60% - 0:53
2 - 55% - 40% - 1:06
PK Forward
1 - 87% - 60% - 3:28
2 - 13% - 40% - 0:30
PK Defense
1 - 58% - 60% - 2:18
2 - 42% - 40% - 1:40
PK3 Forward
1 - 0% - 60%
2 - 0% - 40%
PK3 Defense
1 - 0% - 60%
2 - 0% - 40%
44 Forward
1 - 71% - 60% - 3:34
2 - 29% - 40% - 1:26
44 Defense
1 - 53% - 60% - 2:39
2 - 47% - 40% - 2:21
Last Minute Offensive  - 0:15
Last Minute Defensive  - 0:00
Total
Forward - 65:00
Defense - 65:00

Play-by-Play

1st period


0:01 of 1st period - Jake Virtanen wins face-off versus Radek Faksa in neutral zone.
0:10 of 1st period - Snap shot by Radek Faksa.
0:10 of 1st period - Stopped by Carter Hart with a rebound.
0:12 of 1st period - Slapshot by Ben Betker.
0:12 of 1st period - Stopped by Carter Hart with a rebound.
0:14 of 1st period - Slapshot by Artem Zub.
0:14 of 1st period - Shot Misses the Net.
0:16 of 1st period - Wrist shot by Radek Faksa.
0:16 of 1st period - Shot Blocked by Tyler Bozak.
0:39 of 1st period - Wrist shot by Jesse Puljujarvi.
0:39 of 1st period - Shot Misses the Net.
0:51 of 1st period - Jack Dougherty is hit by Oskar Lindblom.
0:57 of 1st period - Austen Brassard is hit by Anton Slepyshev and loses puck.
1:06 of 1st period - Anton Slepyshev is hit by Austen Brassard and loses puck.
1:17 of 1st period - Connor Clifton is hit by Michael Rasmussen and loses puck.
1:44 of 1st period - Wrist shot by Corey Tropp.
1:44 of 1st period - Shot Misses the Net.
2:08 of 1st period - Snap shot by John Quenneville.
2:08 of 1st period - Shot Blocked by Jesse Puljujarvi.
2:10 of 1st period - Slapshot by Connor Clifton.
2:10 of 1st period - Stopped by Carter Hart with a rebound.
2:28 of 1st period - Snap shot by Kevin Roy.
2:28 of 1st period - Shot Misses the Net.
2:51 of 1st period - Wrist shot by Phillip Danault.
2:51 of 1st period - Shot Misses the Net.
2:53 of 1st period - Snap shot by Ben Betker.
2:53 of 1st period - Deflect By Corey Tropp.
2:53 of 1st period - Stopped by Carter Hart with a rebound.
4:33 of 1st period - Wrist shot by Jesse Puljujarvi.
4:33 of 1st period - Stopped by Daniel Altshuller without a rebound.
4:34 of 1st period - Mark Jankowski wins face-off versus Radek Faksa in Punishers zone.
4:35 of 1st period - Snap shot by Patrik Laine.
4:35 of 1st period - Stopped by Daniel Altshuller without a rebound.
4:36 of 1st period - Tyler Bozak wins face-off versus Radek Faksa in Punishers zone.
4:46 of 1st period - Off-side.
4:47 of 1st period - Corey Tropp wins face-off versus Tyler Bozak in neutral zone.
4:50 of 1st period - Snap shot by Radek Faksa.
4:50 of 1st period - Stopped by Carter Hart with a rebound.
5:40 of 1st period - Off-side.
5:41 of 1st period - Kevin Roy wins face-off versus Phil McRae in neutral zone.
6:06 of 1st period - Jordan Subban is hit by Corey Tropp and loses puck.
6:37 of 1st period - Snap shot by Jesse Puljujarvi.
6:37 of 1st period - Stopped by Daniel Altshuller with a rebound.
6:39 of 1st period - Snap shot by Mark Jankowski.
6:39 of 1st period - Shot Misses the Net.
7:09 of 1st period - Kevin Roy is hit by Anton Slepyshev and loses puck.
7:39 of 1st period - Off-side.
7:40 of 1st period - Radek Faksa wins face-off versus Jake Virtanen in neutral zone.
8:20 of 1st period - Snap shot by Patrik Laine.
8:20 of 1st period - Shot Misses the Net.
8:42 of 1st period - Wrist shot by Oskar Lindblom.
8:42 of 1st period - Shot Blocked by Jack Dougherty.
8:56 of 1st period - Snap shot by Daniel Audette.
8:56 of 1st period - Deflect By Alexandre Carrier.
8:56 of 1st period - Shot Misses the Net.
8:56 of 1st period - Puck is out of play.
8:57 of 1st period - Michael Rasmussen wins face-off versus Radek Faksa in Condors zone.
9:16 of 1st period - Off-side.
9:17 of 1st period - John Quenneville wins face-off versus Tyler Bozak in neutral zone.
10:08 of 1st period - Wrist shot by Austen Brassard.
10:08 of 1st period - Shot Misses the Net.
10:10 of 1st period - Slapshot by Fredrik Claesson.
10:10 of 1st period - Stopped by Carter Hart without a rebound.
10:11 of 1st period - Tyler Bozak wins face-off versus Radek Faksa in Condors zone.
10:25 of 1st period - Off-side.
10:26 of 1st period - John Quenneville wins face-off versus Mark Jankowski in neutral zone.
10:47 of 1st period - Mark Jankowski is hit by John Quenneville and loses puck.
11:23 of 1st period - Snap shot by Mark Jankowski.
11:23 of 1st period - Shot Hit the Post.
11:53 of 1st period - Slapshot by John Quenneville.
11:53 of 1st period - Shot Misses the Net.
12:05 of 1st period - Wrist shot by Jesse Puljujarvi.
12:05 of 1st period - Stopped by Daniel Altshuller with a rebound.
12:07 of 1st period - Snap shot by Patrik Laine.
12:07 of 1st period - Stopped by Daniel Altshuller with a rebound.
12:09 of 1st period - Wrist shot by Jesse Puljujarvi.
12:09 of 1st period - Shot Blocked by Anton Blidh.
12:11 of 1st period - Slapshot by Philippe Myers.
12:11 of 1st period - Deflect By Patrik Laine.
12:11 of 1st period - Stopped by Daniel Altshuller without a rebound.
12:12 of 1st period - Radek Faksa wins face-off versus Tyler Bozak in Punishers zone.
12:21 of 1st period - Snap shot by Jake Virtanen.
12:21 of 1st period - Shot Hit the Post.
12:59 of 1st period - Icing by Adam Erne.
13:00 of 1st period - Daniel Audette wins face-off versus Michael Rasmussen in Condors zone.
14:06 of 1st period - Wrist shot by Radek Faksa.
14:06 of 1st period - Stopped by Carter Hart with a rebound.
14:08 of 1st period - Wrist shot by Corey Tropp.
14:08 of 1st period - Stopped by Carter Hart with a rebound.
14:10 of 1st period - Slapshot by Artem Zub.
14:10 of 1st period - Shot Misses the Net.
14:41 of 1st period - Artem Zub is hit by Philippe Myers and loses puck.
15:21 of 1st period - Anton Slepyshev is hit by Carter Ashton.
16:44 of 1st period - Jesse Puljujarvi is hit by Tanner Jeannot and loses puck.
17:24 of 1st period - Adam Erne is hit by Corey Tropp and loses puck.
17:39 of 1st period - Phil McRae is hit by Niko Mikkola and loses puck.
18:02 of 1st period - Snap shot by Mark Jankowski.
18:02 of 1st period - Stopped by Daniel Altshuller with a rebound.
18:22 of 1st period - Snap shot by Robby Fabbri.
18:22 of 1st period - Shot Misses the Net.
18:24 of 1st period - Slapshot by Alexandre Carrier.
18:24 of 1st period - Shot Misses the Net.
18:26 of 1st period - Wrist shot by Jack Dougherty.
18:26 of 1st period - Shot Hit the Post.
19:42 of 1st period - John Quenneville is hit by Jake Virtanen and loses puck.
19:59 of 1st period - Phillip Danault is hit by Michael Rasmussen and loses puck.
Goals for this period are 0 for Punishers vs 0 for Condors.
Shots for this period are 8 for Punishers vs 7 for Condors.

2nd period


0:01 of 2nd period - Tyler Bozak wins face-off versus Radek Faksa in neutral zone.
0:47 of 2nd period - Jack Dougherty is hit by Artem Zub and loses puck.
0:56 of 2nd period - Snap shot by Oskar Lindblom.
0:56 of 2nd period - Stopped by Carter Hart with a rebound.
1:06 of 2nd period - Wrist shot by Daniel Audette.
1:06 of 2nd period - Stopped by Carter Hart with a rebound.
1:36 of 2nd period - Slapshot by Corey Tropp.
1:36 of 2nd period - Stopped by Carter Hart with a rebound.
1:55 of 2nd period - Slapshot by Tyler Bozak.
1:55 of 2nd period - Deflect By Jake Virtanen.
1:55 of 2nd period - Stopped by Daniel Altshuller with a rebound.
2:13 of 2nd period - Snap shot by Oskar Lindblom.
2:13 of 2nd period - Shot Misses the Net.
2:15 of 2nd period - Wrist shot by Kevin Roy.
2:15 of 2nd period - Deflect By Austen Brassard.
2:15 of 2nd period - Shot Misses the Net.
2:15 of 2nd period - Puck is out of play.
2:16 of 2nd period - Radek Faksa wins face-off versus Mark Jankowski in Condors zone.
2:30 of 2nd period - Wrist shot by Radek Faksa.
2:30 of 2nd period - Stopped by Carter Hart with a rebound.
2:32 of 2nd period - Wrist shot by Corey Tropp.
2:32 of 2nd period - Stopped by Carter Hart without a rebound.
2:33 of 2nd period - Phil McRae wins face-off versus John Quenneville in Condors zone.
2:35 of 2nd period - Minor Penalty to Anton Slepyshev for Hooking.
2:36 of 2nd period - Tyler Bozak wins face-off versus Radek Faksa in Condors zone.
2:41 of 2nd period - Icing by Corey Tropp.
2:42 of 2nd period - Tyler Bozak wins face-off versus Radek Faksa in Punishers zone.
3:32 of 2nd period - Backhand shot by Patrik Laine.
3:32 of 2nd period - Shot Misses the Net.
4:35 of 2nd period - Penalty to Anton Slepyshev is over, Anton Slepyshev is back on ice.
4:50 of 2nd period - Snap shot by Oskar Lindblom.
4:50 of 2nd period - Stopped by Carter Hart with a rebound.
5:06 of 2nd period - Snap shot by Carson Meyer.
5:06 of 2nd period - Shot Misses the Net.
5:08 of 2nd period - Slapshot by Niko Mikkola.
5:08 of 2nd period - Shot Blocked by Anton Slepyshev.
5:10 of 2nd period - Snap shot by Connor Clifton.
5:10 of 2nd period - Shot Misses the Net.
6:28 of 2nd period - Jack Dougherty is hit by Kevin Roy and loses puck.
7:22 of 2nd period - Snap shot by Kevin Roy.
7:22 of 2nd period - Stopped by Carter Hart without a rebound.
7:23 of 2nd period - Tyler Bozak wins face-off versus Kevin Roy in Condors zone.
7:30 of 2nd period - Icing by Oskar Lindblom.
7:31 of 2nd period - Kevin Roy wins face-off versus Tyler Bozak in Punishers zone.
7:50 of 2nd period - Snap shot by Austen Brassard.
7:50 of 2nd period - Shot Misses the Net.
7:52 of 2nd period - Slapshot by Noah Juulsen.
7:52 of 2nd period - Deflect By Jake Virtanen.
7:52 of 2nd period - Stopped by Carter Hart with a rebound.
7:54 of 2nd period - Wrist shot by Oskar Lindblom.
7:54 of 2nd period - Shot Misses the Net.
7:56 of 2nd period - Slapshot by Noah Juulsen.
7:56 of 2nd period - Stopped by Carter Hart with a rebound.
7:58 of 2nd period - Snap shot by Austen Brassard.
7:58 of 2nd period - Deflect By Oskar Lindblom.
7:58 of 2nd period - Goal by Oskar Lindblom - Punishers : 1 - Condors : 0.
7:59 of 2nd period - Tyler Bozak wins face-off versus Radek Faksa in neutral zone.
8:04 of 2nd period - Wrist shot by Robby Fabbri.
8:04 of 2nd period - Stopped by Daniel Altshuller without a rebound.
8:05 of 2nd period - Tyler Bozak wins face-off versus Corey Tropp in Punishers zone.
8:06 of 2nd period - Wrist shot by Jake Virtanen.
8:06 of 2nd period - Shot Blocked by Artem Zub.
8:08 of 2nd period - Slapshot by Jack Dougherty.
8:08 of 2nd period - Stopped by Daniel Altshuller without a rebound.
8:09 of 2nd period - Radek Faksa wins face-off versus Tyler Bozak in Punishers zone.
8:09 of 2nd period - Radek Faksa is hit by Robby Fabbri.
8:17 of 2nd period - Snap shot by Tyler Bozak.
8:17 of 2nd period - Stopped by Daniel Altshuller without a rebound.
8:18 of 2nd period - Tyler Bozak wins face-off versus Radek Faksa in Punishers zone.
8:21 of 2nd period - Snap shot by Jake Virtanen.
8:21 of 2nd period - Stopped by Daniel Altshuller without a rebound.
8:22 of 2nd period - Phillip Danault wins face-off versus Tyler Bozak in Punishers zone.
9:31 of 2nd period - Wrist shot by Daniel Audette.
9:31 of 2nd period - Stopped by Carter Hart with a rebound.
9:33 of 2nd period - Snap shot by Carson Meyer.
9:33 of 2nd period - Stopped by Carter Hart without a rebound.
9:34 of 2nd period - Tyler Bozak wins face-off versus Daniel Audette in Condors zone.
9:34 of 2nd period - Tyler Bozak is hit by Tanner Jeannot.
9:40 of 2nd period - Daniel Audette is hit by Robby Fabbri and loses puck.
11:23 of 2nd period - Snap shot by Phillip Danault.
11:23 of 2nd period - Shot Misses the Net.
11:25 of 2nd period - Wrist shot by Radek Faksa.
11:25 of 2nd period - Stopped by Carter Hart without a rebound.
11:26 of 2nd period - Phillip Danault wins face-off versus Tyler Bozak in Condors zone.
11:29 of 2nd period - Snap shot by Radek Faksa.
11:29 of 2nd period - Stopped by Carter Hart without a rebound.
11:30 of 2nd period - Radek Faksa wins face-off versus Tyler Bozak in Condors zone.
12:02 of 2nd period - Wrist shot by Carter Ashton.
12:02 of 2nd period - Stopped by Carter Hart without a rebound.
12:03 of 2nd period - Tyler Bozak wins face-off versus Anton Blidh in Condors zone.
12:17 of 2nd period - Carter Ashton is hit by Robby Fabbri and loses puck.
12:28 of 2nd period - Wrist shot by Mark Jankowski.
12:28 of 2nd period - Shot Misses the Net.
12:32 of 2nd period - Wrist shot by Patrik Laine.
12:32 of 2nd period - Stopped by Daniel Altshuller with a rebound.
12:34 of 2nd period - Snap shot by Jesse Puljujarvi.
12:34 of 2nd period - Stopped by Daniel Altshuller without a rebound.
12:35 of 2nd period - Radek Faksa wins face-off versus Tyler Bozak in Punishers zone.
12:57 of 2nd period - Jake Virtanen is hit by Radek Faksa and loses puck.
13:16 of 2nd period - Slapshot by John Quenneville.
13:16 of 2nd period - Stopped by Carter Hart without a rebound.
13:17 of 2nd period - Mark Jankowski wins face-off versus Kevin Roy in Condors zone.
13:25 of 2nd period - Minor Penalty to Patrik Laine for Slashing.
13:26 of 2nd period - Tyler Bozak wins face-off versus Radek Faksa in Condors zone.
13:30 of 2nd period - Radek Faksa is hit by Tyler Bozak and loses puck.
13:39 of 2nd period - Snap shot by Radek Faksa.
13:39 of 2nd period - Stopped by Carter Hart without a rebound.
13:40 of 2nd period - Radek Faksa wins face-off versus Tyler Bozak in Condors zone.
13:41 of 2nd period - Snap shot by Corey Tropp.
13:41 of 2nd period - Stopped by Carter Hart with a rebound.
14:10 of 2nd period - Ben Betker is hit by Mark Jankowski and loses puck.
15:25 of 2nd period - Penalty to Patrik Laine is over, Patrik Laine is back on ice.
15:53 of 2nd period - Tyler Bozak is hit by Kevin Roy and loses puck.
16:10 of 2nd period - Patrik Laine is hit by Tanner Jeannot and loses puck.
16:49 of 2nd period - Backhand shot by Fredrik Claesson.
16:49 of 2nd period - Shot Blocked by Mark Jankowski.
17:52 of 2nd period - Icing by Niko Mikkola.
17:53 of 2nd period - John Quenneville wins face-off versus Phil McRae in Punishers zone.
18:38 of 2nd period - Snap shot by Patrik Laine.
18:38 of 2nd period - Shot Misses the Net.
19:20 of 2nd period - Wrist shot by Kailer Yamamoto.
19:20 of 2nd period - Shot Misses the Net.
Goals for this period are 1 for Punishers vs 0 for Condors.
Shots for this period are 18 for Punishers vs 7 for Condors.

3rd period


0:01 of 3rd period - Tyler Bozak wins face-off versus Radek Faksa in neutral zone.
0:03 of 3rd period - Off-side.
0:04 of 3rd period - Tyler Bozak wins face-off versus Radek Faksa in neutral zone.
0:17 of 3rd period - Wrist shot by Jake Virtanen.
0:17 of 3rd period - Shot Blocked by Ben Betker.
0:23 of 3rd period - Gustav Olofsson is hit by Radek Faksa and loses puck.
0:36 of 3rd period - Snap shot by Corey Tropp.
0:36 of 3rd period - Stopped by Carter Hart without a rebound.
0:37 of 3rd period - Mark Jankowski wins face-off versus John Quenneville in Condors zone.
0:46 of 3rd period - Slapshot by Jack Dougherty.
0:46 of 3rd period - Stopped by Daniel Altshuller without a rebound.
0:47 of 3rd period - Mark Jankowski wins face-off versus John Quenneville in Punishers zone.
1:33 of 3rd period - Noah Juulsen is hit by Jesse Puljujarvi and loses puck.
1:40 of 3rd period - Snap shot by Anton Blidh.
1:40 of 3rd period - Stopped by Carter Hart without a rebound.
1:41 of 3rd period - Tyler Bozak wins face-off versus Radek Faksa in Condors zone.
2:12 of 3rd period - Snap shot by Adam Erne.
2:12 of 3rd period - Stopped by Daniel Altshuller without a rebound.
2:13 of 3rd period - Kevin Roy wins face-off versus Michael Rasmussen in Punishers zone.
2:27 of 3rd period - Off-side.
2:28 of 3rd period - Tyler Bozak wins face-off versus Radek Faksa in neutral zone.
2:37 of 3rd period - Slapshot by Robby Fabbri.
2:37 of 3rd period - Goal by Robby Fabbri - Punishers : 1 - Condors : 1.
2:38 of 3rd period - Corey Tropp wins face-off versus Tyler Bozak in neutral zone.
2:41 of 3rd period - Philippe Myers is hit by Artem Zub and loses puck.
2:42 of 3rd period - Philippe Myers from Condors is injured at 2:42 of 3rd period (Torn Left Knee Ligaments).
2:43 of 3rd period - Radek Faksa wins face-off versus Tyler Bozak in Condors zone.
3:26 of 3rd period - Icing by Noah Juulsen.
3:27 of 3rd period - Phil McRae wins face-off versus John Quenneville in Punishers zone.
4:14 of 3rd period - Wrist shot by Daniel Audette.
4:14 of 3rd period - Shot Misses the Net.
4:54 of 3rd period - Snap shot by Corey Tropp.
4:54 of 3rd period - Shot Blocked by Jordan Subban.
4:56 of 3rd period - Wrist shot by Radek Faksa.
4:56 of 3rd period - Stopped by Carter Hart with a rebound.
4:58 of 3rd period - Slapshot by Connor Clifton.
4:58 of 3rd period - Shot Misses the Net.
5:00 of 3rd period - Snap shot by Phillip Danault.
5:00 of 3rd period - Stopped by Carter Hart with a rebound.
5:02 of 3rd period - Backhand shot by Connor Clifton.
5:02 of 3rd period - Deflect By Phillip Danault.
5:02 of 3rd period - Stopped by Carter Hart with a rebound.
5:12 of 3rd period - Adam Erne is hit by John Quenneville and loses puck.
6:18 of 3rd period - Wrist shot by Corey Tropp.
6:18 of 3rd period - Stopped by Carter Hart with a rebound.
6:29 of 3rd period - Off-side.
6:30 of 3rd period - Phil McRae wins face-off versus John Quenneville in neutral zone.
6:32 of 3rd period - Off-side.
6:33 of 3rd period - Radek Faksa wins face-off versus Phil McRae in neutral zone.
6:46 of 3rd period - Snap shot by Alexandre Carrier.
6:46 of 3rd period - Stopped by Daniel Altshuller with a rebound.
6:48 of 3rd period - Slapshot by Alexandre Carrier.
6:48 of 3rd period - Shot Misses the Net.
6:52 of 3rd period - Snap shot by Phil McRae.
6:52 of 3rd period - Shot Blocked by Ben Betker.
6:54 of 3rd period - Wrist shot by Phil McRae.
6:54 of 3rd period - Stopped by Daniel Altshuller with a rebound.
6:56 of 3rd period - Snap shot by Anton Slepyshev.
6:56 of 3rd period - Stopped by Daniel Altshuller with a rebound.
6:58 of 3rd period - Snap shot by Kailer Yamamoto.
6:58 of 3rd period - Stopped by Daniel Altshuller without a rebound.
6:59 of 3rd period - Tyler Bozak wins face-off versus John Quenneville in Punishers zone.
7:14 of 3rd period - Wrist shot by Tyler Bozak.
7:14 of 3rd period - Stopped by Daniel Altshuller without a rebound.
7:15 of 3rd period - Radek Faksa wins face-off versus Mark Jankowski in Punishers zone.
7:20 of 3rd period - Ben Betker is hit by Alexandre Carrier and loses puck.
7:41 of 3rd period - Anton Blidh is hit by Jake Virtanen and loses puck.
8:24 of 3rd period - Slapshot by Fredrik Claesson.
8:24 of 3rd period - Shot Blocked by Jack Dougherty.
8:26 of 3rd period - Slapshot by Noah Juulsen.
8:26 of 3rd period - Deflect By Carson Meyer.
8:26 of 3rd period - Shot Blocked by Jordan Subban.
8:26 of 3rd period - Puck is out of play.
8:27 of 3rd period - Adam Erne wins face-off versus Daniel Audette in Condors zone.
8:27 of 3rd period - Adam Erne is hit by Carson Meyer.
9:03 of 3rd period - Snap shot by Tanner Jeannot.
9:03 of 3rd period - Stopped by Carter Hart with a rebound.
9:05 of 3rd period - Wrist shot by Tanner Jeannot.
9:05 of 3rd period - Stopped by Carter Hart without a rebound.
9:06 of 3rd period - Tyler Bozak wins face-off versus Phillip Danault in Condors zone.
9:18 of 3rd period - Slapshot by Tyler Bozak.
9:18 of 3rd period - Stopped by Daniel Altshuller with a rebound.
9:35 of 3rd period - Off-side.
9:36 of 3rd period - John Quenneville wins face-off versus Mark Jankowski in neutral zone.
9:47 of 3rd period - John Quenneville is hit by Jack Dougherty and loses puck.
10:02 of 3rd period - Jake Virtanen is hit by Fredrik Claesson and loses puck.
12:19 of 3rd period - Snap shot by Patrik Laine.
12:19 of 3rd period - Shot Blocked by Connor Clifton.
12:21 of 3rd period - Slapshot by Alexandre Carrier.
12:21 of 3rd period - Shot Misses the Net.
12:25 of 3rd period - Wrist shot by Patrik Laine.
12:25 of 3rd period - Stopped by Daniel Altshuller with a rebound.
12:27 of 3rd period - Snap shot by Jesse Puljujarvi.
12:27 of 3rd period - Stopped by Daniel Altshuller with a rebound.
12:48 of 3rd period - Slapshot by John Quenneville.
12:48 of 3rd period - Shot Blocked by Jack Dougherty.
12:50 of 3rd period - Snap shot by Anton Blidh.
12:50 of 3rd period - Shot Misses the Net.
13:02 of 3rd period - Backhand shot by Anton Blidh.
13:02 of 3rd period - Stopped by Carter Hart with a rebound.
13:04 of 3rd period - Slapshot by Connor Clifton.
13:04 of 3rd period - Stopped by Carter Hart with a rebound.
13:06 of 3rd period - Snap shot by Anton Blidh.
13:06 of 3rd period - Goal by Anton Blidh - Punishers : 2 - Condors : 1.
13:07 of 3rd period - Tyler Bozak wins face-off versus Radek Faksa in neutral zone.
13:10 of 3rd period - Slapshot by Jack Dougherty.
13:10 of 3rd period - Shot Blocked by Artem Zub.
13:20 of 3rd period - Tyler Bozak is hit by Phillip Danault and loses puck.
13:35 of 3rd period - Slapshot by Gustav Olofsson.
13:35 of 3rd period - Shot Blocked by Ben Betker.
14:24 of 3rd period - Slapshot by Fredrik Claesson.
14:24 of 3rd period - Shot Misses the Net.
14:26 of 3rd period - Slapshot by Fredrik Claesson.
14:26 of 3rd period - Stopped by Carter Hart with a rebound.
14:28 of 3rd period - Slapshot by Noah Juulsen.
14:28 of 3rd period - Deflect By Carter Ashton.
14:28 of 3rd period - Stopped by Carter Hart with a rebound.
14:30 of 3rd period - Wrist shot by Anton Blidh.
14:30 of 3rd period - Shot Misses the Net.
14:44 of 3rd period - Noah Juulsen is hit by Jake Virtanen and loses puck.
15:01 of 3rd period - Snap shot by Patrik Laine.
15:01 of 3rd period - Stopped by Daniel Altshuller with a rebound.
15:03 of 3rd period - Slapshot by Gustav Olofsson.
15:03 of 3rd period - Shot Misses the Net.
15:05 of 3rd period - Wrist shot by Patrik Laine.
15:05 of 3rd period - Shot Misses the Net.
15:07 of 3rd period - Slapshot by Alexandre Carrier.
15:07 of 3rd period - Shot Misses the Net.
15:20 of 3rd period - Off-side.
15:21 of 3rd period - Kailer Yamamoto wins face-off versus John Quenneville in neutral zone.
15:34 of 3rd period - Snap shot by Anton Slepyshev.
15:34 of 3rd period - Stopped by Daniel Altshuller without a rebound.
15:35 of 3rd period - Radek Faksa wins face-off versus Tyler Bozak in Punishers zone.
15:45 of 3rd period - Minor Penalty to Phillip Danault for Hooking.
15:46 of 3rd period - Mark Jankowski wins face-off versus Radek Faksa in Punishers zone.
17:45 of 3rd period - Penalty to Phillip Danault is over, Phillip Danault is back on ice.
19:00 of 3rd period - Condors, Carter Hart is pulled from the net.
19:00 of 3rd period - Wrist shot by Tyler Bozak.
19:00 of 3rd period - Goal by Tyler Bozak - Punishers : 2 - Condors : 2.
19:00 of 3rd period - Carter Hart from Condors was sent back in the game.
19:01 of 3rd period - Radek Faksa wins face-off versus Phil McRae in neutral zone.
19:10 of 3rd period - Noah Juulsen is hit by Anton Slepyshev and loses puck.
19:33 of 3rd period - Wrist shot by Tyler Bozak.
19:33 of 3rd period - Stopped by Daniel Altshuller with a rebound.
19:35 of 3rd period - Snap shot by Robby Fabbri.
19:35 of 3rd period - Shot Blocked by Artem Zub.
Goals for this period are 1 for Punishers vs 2 for Condors.
Shots for this period are 13 for Punishers vs 15 for Condors.

Overtime #1


0:01 of 1st overtime period - Corey Tropp wins face-off versus Tyler Bozak in neutral zone.
0:04 of 1st overtime period - Slapshot by Artem Zub.
0:04 of 1st overtime period - Deflect By Jake Virtanen.
0:04 of 1st overtime period - Stopped by Carter Hart without a rebound.
0:05 of 1st overtime period - Radek Faksa wins face-off versus Tyler Bozak in Condors zone.
1:01 of 1st overtime period - Snap shot by Mark Jankowski.
1:01 of 1st overtime period - Shot Misses the Net.
1:16 of 1st overtime period - Off-side.
1:17 of 1st overtime period - Jesse Puljujarvi wins face-off versus Kole Lind in neutral zone.
2:04 of 1st overtime period - Icing by Emil Djuse.
2:05 of 1st overtime period - Mark Jankowski wins face-off versus Radek Faksa in Condors zone.
2:16 of 1st overtime period - Wrist shot by Anton Slepyshev.
2:16 of 1st overtime period - Shot Misses the Net.
3:18 of 1st overtime period - Jake Virtanen is hit by John Hayden and loses puck.
3:38 of 1st overtime period - Emil Djuse is hit by Fredrik Claesson and loses puck.
4:27 of 1st overtime period - Icing by Radek Faksa.
4:28 of 1st overtime period - Radek Faksa wins face-off versus Jesse Puljujarvi in Punishers zone.
4:35 of 1st overtime period - Radek Faksa is hit by Jesse Puljujarvi and loses puck.
4:50 of 1st overtime period - Gustav Olofsson is hit by Carter Ashton and loses puck.
Goals for this period are 0 for Punishers vs 0 for Condors.
Shots for this period are 1 for Punishers vs 0 for Condors.

ShootOut


5:00 of 1st overtime period - Round #1.
5:00 of 1st overtime period - Punishers, Radek Faksa.
5:00 of 1st overtime period - Snap shot by Radek Faksa.
5:00 of 1st overtime period - Shot Misses the Net.
5:00 of 1st overtime period - Condors, Tyler Bozak.
5:00 of 1st overtime period - Deke by Tyler Bozak.
5:00 of 1st overtime period - Goal by Tyler Bozak.
5:00 of 1st overtime period - Round #2.
5:00 of 1st overtime period - Punishers, Corey Tropp.
5:00 of 1st overtime period - Snap shot by Corey Tropp.
5:00 of 1st overtime period - Shot Misses the Net.
5:00 of 1st overtime period - Condors, Jake Virtanen.
5:00 of 1st overtime period - Deke by Jake Virtanen.
5:00 of 1st overtime period - Goal by Jake Virtanen.
5:00 of 1st overtime period - Round #3.